 Dungeon Crawl Stone Soup version 0.29-a0-322-g68df515428 (webtiles) character file.

Game seed: 7007298220551134508

74260 zishaf the Grappler (level 15, -5/158 HPs)
             Began as a Troll Delver on Apr 8, 2022.
             Was the Champion of Fedhas.
             Slain by a basilisk (7 damage)
             ... while petrified by a basilisk
             ... on level 6 of the Lair of Beasts.
             The game lasted 00:58:37 (17979 turns).

zishaf the Grappler (Troll Delver)                 Turns: 17979, Time: 00:58:38

Health: -5/158     AC: 13    Str: 26    XL:     15   Next: 6%
Magic:  23/23      EV:  1    Int:  6    God:    Fedhas [******]
Gold:   1466       SH:  0    Dex: 15    Spells: 14/14 levels left

rFire   . . .      SeeInvis +     - Unarmed
rCold   . . .      Faith    .   z - +1 kite shield of Decompression {rPois Regen+ rCorr}
rNeg    + + +      Spirit   .   M - +0 acid dragon scales
rPois   ∞          Reflect  .   (helmet restricted)
rElec   .          Harm     .   I - +0 cloak
rCorr   +          Rampage  .   (gloves unavailable)
Will    +....                   (boots unavailable)
Stlth   ++........              q - amulet of regeneration
HPRegen 2.76/turn               J - ring of see invisible
MPRegen 0.18/turn               O - +4 ring of protection

@: lethally poisoned (-5 -> -5), petrified
A: large, unfitting armour, claws 3, regeneration 1, shaggy fur 1, tough skin 1
a: Renounce Religion, Wall of Briars, Grow Ballistomycete, Overgrow, Grow Oklob


You were on level 6 of the Lair of Beasts.
You worshipped Fedhas.
Fedhas was exalted by your worship.
You visited 2 branches of the dungeon, and saw 20 of its levels.
You also visited: Sewer and Volcano.

You collected 1466 gold pieces.

Inventory:

Missiles
 g - 7 boomerangs
 B - 5 throwing nets
 D - 22 poisoned darts
 K - 6 javelins
 N - 9 large rocks (quivered)
 P - 3 silver javelins
 S - 3 boomerangs of dispersal
 V - 6 curare-tipped darts
Armour
 n - a +2 robe of fire resistance
 z - the +1 kite shield of Decompression (worn) {rPois Regen+ rCorr}
   (You acquired it on level 6 of the Dungeon)

   rPois:     It protects you from poison.
   Regen:     It increases your rate of health regeneration.
   rCorr:     It protects you from acid and corrosion.
 I - a +0 cloak (worn)
 M - +0 acid dragon scales (worn)
Jewellery
 k - an amulet of faith
 q - an amulet of regeneration (around neck)
 J - a ring of see invisible (left claw)
 O - a +4 ring of protection (right claw)
Wands
 a - a wand of acid (3)
 f - a wand of digging (22)
 E - a wand of polymorph (7)
 G - a wand of flame (62)
 H - a wand of charming (10)
 X - a wand of iceblast (4)
Scrolls
 b - 7 scrolls of fog
 d - 2 scrolls of fear
 o - 3 scrolls of enchant weapon
 p - a scroll of summoning
 s - 5 scrolls of amnesia
 v - 4 scrolls of enchant armour
 x - 2 scrolls of brand weapon
 y - 9 scrolls of teleportation
 A - 4 scrolls of holy word
 U - a scroll of silence {unknown}
 W - 2 scrolls of immolation {unknown}
 Y - 4 scrolls of identify
Potions
 c - 3 potions of heal wounds
 e - 3 potions of haste
 h - 9 potions of ambrosia
 i - 3 potions of magic
 j - 2 potions of mutation
 l - 3 potions of attraction
 m - 3 potions of invisibility
 r - 2 potions of resistance
 t - 3 potions of berserk rage
 u - 8 potions of curing
 w - 2 potions of brilliance
 C - 4 potions of lignification
 F - 3 potions of flight
 R - 2 potions of cancellation
 Z - 2 potions of might {unknown}
Miscellaneous
 L - a tin of tremorstones (2/2)


   Skills:
 + Level 12.4 Fighting
 - Level 7.0 Throwing
 - Level 1.5 Dodging
 - Level 2.7 Stealth
 - Level 8.0 Shields
 + Level 14.4 Unarmed Combat
 + Level 12.7 Invocations


You had 14 spell levels left.
You didn't know any spells.
Your spell library contained the following spells:

 Spells                   Type           Power      Damage    Failure   Level
 Freeze                   Ice            0%         1d3       77%         1
 Sandblast                Erth           0%         2d4       77%         1
 Passwall                 Tmut/Erth      0%         N/A       88%         2
 Frozen Ramparts          Ice            0%         1d2       98%         3
 Gell's Gravitas          Tloc           0%         N/A       98%         3
 Lesser Beckoning         Tloc           0%         N/A       98%         3
 Stone Arrow              Conj/Erth      0%         3d7       98%         3
 Teleport Other           Tloc           0%         N/A       98%         3
 Tukima's Dance           Hex            0%         N/A       98%         3
 Anguish                  Hex/Necr       0%         N/A       100%        4
 Hailstorm                Conj/Ice       0%         3d3       100%        4
 Summon Ice Beast         Ice/Summ       0%         N/A       100%        4
 Blade Hands              Tmut           0%         N/A       100%        5
 Irradiate                Conj/Tmut      0%         3d13      100%        5
 Iskenderun's Battlesphe  Conj           0%         2d6       100%        5
 Summon Mana Viper        Hex/Summ       0%         N/A       100%        5
 Iron Shot                Conj/Erth      0%         9d1       100%        6
 Dragon Form              Tmut           0%         N/A       100%        7
 Enfeeble                 Hex            0%         N/A       100%        7
 Monstrous Menagerie      Summ           0%         N/A       100%        7
 Spellforged Servitor     Conj/Summ      0%         N/A       100%        7


Dungeon Overview and Level Annotations

Branches:
Dungeon (14/15)            Temple (0/1) D:7            Lair (6/6) D:10
  Swamp (0/4) Lair:2        Snake (0/4) Lair:4        Slime (0/5) Lair:6
    Orc (0/2) D:12          Sewer (visited)         Volcano (visited)
 Vaults: D:13-14

Altars:
Cheibriados
Dithmenos
Fedhas
Hepliaklqana
Kikubaaqudgha
Okawaru
Qazlal
Sif Muna
Trog
The Shining One

Shops:
D:4 [   D:6 =   D:10 (

Annotations:
D:13 exclusion: ettin


Innate Abilities, Weirdness & Mutations

You are too large for most types of armour.
You have claws for hands.
Your natural rate of healing is unusually fast.
You are covered in fur. (AC +1)
You have tough skin. (AC +1)


Message History

The black mamba bites you but does no damage.
The komodo dragon bites you!!
* * * LOW HITPOINT WARNING * * *
The black mamba bites you but does no damage.
The basilisk gazes at you.
The black mamba bites you but does no damage.
The komodo dragon bites you but does no damage.
The black mamba bites you but does no damage.
The basilisk bites you!
* * * LOW HITPOINT WARNING * * *
The black mamba bites you but does no damage.
The komodo dragon bites you!!
* * * LOW HITPOINT WARNING * * *
The black mamba bites you but does no damage.
The basilisk bites you!
* * * LOW HITPOINT WARNING * * *
The black mamba bites you but does no damage.
The komodo dragon bites you!
* * * LOW HITPOINT WARNING * * *
The basilisk bites you but does no damage.
The black mamba bites you!
* * * LOW HITPOINT WARNING * * *
The komodo dragon bites you but does no damage.
The black mamba bites you!
* * * LOW HITPOINT WARNING * * *
The basilisk bites you but does no damage.
The black mamba bites you but does no damage.
The komodo dragon bites you!
* * * LOW HITPOINT WARNING * * *
The black mamba bites you.
* * * LOW HITPOINT WARNING * * *
The basilisk gazes at you.
The black mamba bites you but does no damage.
The komodo dragon bites you!
* * * LOW HITPOINT WARNING * * *
The black mamba bites you!
* * * LOW HITPOINT WARNING * * *
The basilisk bites you!
You die...
Fedhas appreciates your contribution to the ecosystem.

##... §§ ##........≈≈
##.. #§##.........≈≈
##P.. #≈≈..........≈
#P... #≈≈§........#
##... #≈≈≈.......#
##.. .. #≈≈≈..D...##
#... ... #≈≈#.lSl...#
#..# #...
##.≈###@...# ##.#
#####.§.#...#8#8#
#### §≈§..≈§§..§## #
#.#. ###≈≈≈≈#..#≈≈§#
##..
#####...≈≈...###≈≈§≈§
###..
≈≈##..^.≈#....8##§≈##
#P...
≈≈#.....#.....## #§§≈
#####....
≈.......#....8# ##≈≈
#P.#.....
##8..........## ≈#
##.......


You could see a komodo dragon, a black mamba, a basilisk and a steam dragon.

Vanquished Creatures
  A dire elephant (Lair:6)
  Snorg (D:10)
  Erolcha (D:9)
  4 boulder beetles
  5 hydras
  A catoblepas (D:13)
  A centaur warrior (D:13)
  2 death knights
  2 hell hogs (Volcano)
  6 two-headed ogres
  2 tengu warriors
  15 death yaks
  Urug (Lair:5)
  2 skeletal warriors
  An orange crystal statue (D:12)
  2 wizards (D:10)
  A phantasmal warrior (D:13)
  Pikel (D:6)
  A deep elf pyromancer (D:14)
  3 manticores
  A salamander (Volcano)
  2 cyclopes
  6 ugly things
  Maurice (D:8)
  6 elephants
  9 black mambas
  Joseph (D:7)
  A black mamba (shapeshifter) (D:13)
  3 molten gargoyles (Lair:6)
  2 torpor snails
  A gargoyle (D:13)
  An efreet (D:14)
  13 cane toads
  2 tengu conjurers (D:14)
  A freezing wraith (D:14)
  10 komodo dragons
  2 rime drakes (Lair:3)
  6 polar bears
  A troll (D:12)
  A queen bee (D:9)
  A meliai (D:9)
  A tarantella (shapeshifter) (D:13)
  A hornet (D:9)
  Prince Ribbit (Lair:2)
  10 blink frogs
  A slime creature (Lair:6)
  A shadow (D:12)
  A spriggan (shapeshifter) (D:13)
  3 wraiths
  48 yaks
  5 wyverns
  A fire bat (shapeshifter) (D:10)
  A steam dragon (Lair:6)
  6 basilisks
  2 fire bats (Volcano)
  6 vampire mosquitoes
  An acid dragon (D:9)
  3 nagas (Lair:4)
  A hell hound (Volcano)
  16 water moccasins
  3 black bears
  2 ice beasts
  5 orc warriors
  2 sky beasts
  2 ogres
  17 wolves
  10 centaurs
  3 lemures (D:6)
  Blork the orc (D:6)
  2 phantoms (D:6)
  2 kobold brigands
  2 necrophages (D:7)
  9 bullfrogs
  2 gnoll sergeants
  6 scorpions
  14 wights
  42 killer bees
  3 howler monkeys
  3 jellies (Lair:6)
  4 hounds
  Crazy Yiuf (D:7)
  4 orc priests
  2 iguanas
  25 orc wizards
  2 hell rats
  Terence (D:2)
  13 gnolls
  7 adders
  4 river rats
  2 shadow imps
  A white imp (D:7)
  4 worms
  The ghost of GigaChad the Covert, a weakling GnDe (D:5)
  2 dart slugs
  43 orcs
  6 endoplasms
  3 giant cockroaches
  7 goblins
  5 hobgoblins
  3 jackals (D:4)
  17 kobolds
  3 quokkas
  A ball python (D:1)
  6 bats
  A frilled lizard (D:1)
  14 rats
  A spectral orc (D:9)
  3 ballistomycete spores
549 creatures vanquished.

Vanquished Creatures (collateral kills)
  75 ballistomycete spores
75 creatures vanquished.

Vanquished Creatures (others)
  An orc wizard (D:9)
  6 ballistomycete spores
  23 fungi
  28 plants
58 creatures vanquished.

Grand Total: 682 creatures vanquished

Notes
Turn   | Place    | Note
-------+----------+-------------------------------------------
     0 | D:5      | zishaf the Troll Delver began the quest for the Orb.
     0 | D:5      | Reached XP level 1. HP: 22/22 MP: 0/0
    71 | D:5      | Noticed an ogre
   109 | D:5      | Found a glowing drain.
   132 | Sewer    | Entered a sewer
   140 | Sewer    | Reached XP level 2. HP: 29/29 MP: 1/1
   179 | Sewer    | Reached XP level 3. HP: 37/37 MP: 2/2
   314 | Sewer    | Reached skill level 3 in Unarmed Combat
   356 | D:4      | Noticed a necrophage
   421 | D:3      | Found a blossoming altar of Fedhas.
   431 | D:3      | Became a worshipper of Fedhas Madash
   544 | D:2      | Found a bloodstained altar of Trog.
   616 | D:1      | Reached XP level 4. HP: 45/45 MP: 3/3
   860 | D:1      | Found a faded altar of an unknown god.
  1201 | D:1      | Reached * piety under Fedhas
  1230 | D:2      | Noticed Terence
  1237 | D:2      | Killed Terence
  2055 | D:3      | Reached skill level 4 in Unarmed Combat
  2055 | D:3      | Reached XP level 5. HP: 44/54 MP: 4/4
  2652 | D:4      | Reached skill level 1 in Invocations
  2716 | D:4      | Reached XP level 6. HP: 57/62 MP: 5/5
  2749 | D:4      | Reached ** piety under Fedhas
  2808 | D:4      | Found a snail-covered altar of Cheibriados.
  3092 | D:4      | Found Kurghamp's Antique Armour Shop.
  3118 | D:4      | Reached skill level 5 in Unarmed Combat
  3233 | D:4      | Reached XP level 7. HP: 47/71 MP: 7/7
  3511 | D:5      | Found a glowing golden altar of the Shining One.
  3527 | D:5      | Found an iron altar of Okawaru.
  3750 | D:5      | Reached skill level 5 in Fighting
  4072 | D:5      | Found a runed translucent door.
  4075 | D:5      | Noticed GigaChad's ghost (weakling GnDe)
  4251 | D:5      | Reached skill level 6 in Unarmed Combat
  4257 | D:5      | Reached XP level 8. HP: 80/80 MP: 9/9
  4262 | D:5      | Killed GigaChad's ghost
  4341 | D:6      | Identified a scroll of acquirement
  4341 | D:6      | Acquired the +1 kite shield of Decompression {rPois Regen+
                  | rCorr}
  4364 | D:6      | Noticed Blork the orc
  4373 | D:6      | Killed Blork the orc
  4399 | D:6      | Found Lykac's Jewellery Boutique.
  4407 | D:6      | Reached skill level 1 in Shields
  4458 | D:6      | Found a stormy altar of Qazlal.
  4530 | D:6      | Noticed Pikel
  4563 | D:6      | Killed Pikel
  4631 | D:6      | Reached *** piety under Fedhas
  4649 | D:6      | Reached skill level 7 in Unarmed Combat
  4753 | D:6      | Reached skill level 5 in Invocations
  4753 | D:6      | Reached XP level 9. HP: 89/89 MP: 11/11
  5207 | D:6      | Found a bloodstained altar of Trog.
  5383 | D:7      | Noticed Joseph
  5408 | D:7      | Killed Joseph
  5501 | D:7      | Found a staircase to the Ecumenical Temple.
  5532 | D:7      | Reached **** piety under Fedhas
  5585 | D:7      | Found an ancient bone altar of Kikubaaqudgha.
  5779 | D:7      | Found a runed translucent door.
  5780 | D:7      | Noticed Crazy Yiuf
  5788 | D:7      | Killed Crazy Yiuf
  5789 | D:7      | Reached skill level 8 in Unarmed Combat
  6129 | D:8      | Noticed Maurice
  6149 | D:8      | Killed Maurice
  6150 | D:8      | Reached XP level 10. HP: 99/102 MP: 13/13
  6253 | D:8      | Reached ***** piety under Fedhas
  6821 | D:9      | Reached skill level 5 in Shields
  6854 | D:9      | Found a shimmering blue altar of Sif Muna.
  7054 | D:9      | Found a hazy altar of Hepliaklqana.
  7150 | D:9      | Reached skill level 9 in Unarmed Combat
  7185 | D:9      | Reached ****** piety under Fedhas
  7360 | D:9      | Paralysed by a hornet for 1 turns
  7460 | D:9      | Noticed Erolcha
  7473 | D:9      | Killed Erolcha
  7474 | D:9      | Reached XP level 11. HP: 60/111 MP: 15/15
  7580 | D:10     | Entered Level 10 of the Dungeon
  7585 | D:10     | Noticed a purple ugly thing
  7585 | D:10     | Noticed a death yak
  7586 | D:10     | Noticed a death knight
  7628 | D:10     | Noticed a skeletal warrior
  7655 | D:9      | Killed a skeletal warrior
  7799 | D:9      | Killed a death knight
  7827 | D:10     | Noticed Snorg
  7833 | D:10     | Noticed a two-headed ogre
  7840 | D:10     | Killed Snorg
  7845 | D:10     | Found a staircase to the Lair.
  7849 | D:10     | Killed a two-headed ogre
  7854 | D:10     | Reached skill level 10 in Unarmed Combat
  7937 | D:10     | Noticed a death yak
  7937 | D:10     | Noticed a tengu warrior
  7996 | D:10     | Noticed a death yak
  7996 | D:10     | Noticed a wizard
  7996 | D:10     | Noticed a boulder beetle
  7997 | D:10     | Noticed a wizard
  8006 | D:9      | Killed a death yak
  8128 | D:9      | Killed a purple ugly thing
  8166 | D:9      | Killed a tengu warrior
  8238 | D:10     | Killed a wizard
  8263 | D:10     | Found Juumpeufi's Weapon Boutique.
  8279 | D:10     | Killed a wizard
  8452 | D:10     | Killed a boulder beetle
  8453 | D:10     | Reached XP level 12. HP: 123/123 MP: 17/17
  8470 | D:9      | Killed a death yak
  8575 | D:9      | Killed a death yak
  8720 | D:10     | Reached skill level 11 in Unarmed Combat
  9092 | D:11     | Reached skill level 1 in Throwing
  9109 | D:11     | Noticed a two-headed ogre
  9114 | D:11     | Killed a two-headed ogre
  9337 | D:11     | Noticed an eight-headed hydra
  9354 | D:11     | Killed an eight-headed hydra
  9476 | D:11     | Noticed a two-headed ogre
  9485 | D:11     | Killed a two-headed ogre
  9841 | D:12     | Noticed a boulder beetle
  9881 | D:12     | Killed a boulder beetle
  9980 | D:12     | Noticed a death knight
 10157 | D:12     | Found a shadowy altar of Dithmenos.
 10619 | D:12     | Reached skill level 10 in Fighting
 10675 | D:12     | Found a staircase to the Orcish Mines.
 10782 | D:13     | Reached skill level 10 in Invocations
 10795 | D:13     | Noticed a four-headed hydra
 10823 | D:13     | Killed a five-headed hydra
 10896 | D:13     | Noticed a catoblepas
 10909 | D:13     | Killed a catoblepas
 10928 | D:13     | Noticed a two-headed ogre
 10941 | D:13     | Killed a two-headed ogre
 11050 | D:13     | Reached XP level 13. HP: 133/133 MP: 19/19
 11285 | D:13     | Noticed an ettin
 11677 | D:14     | Reached skill level 12 in Unarmed Combat
 12319 | D:14     | Reached skill level 5 in Throwing
 12681 | Lair:1   | Entered Level 1 of the Lair of Beasts
 13024 | Lair:1   | Identified the +6 falchion "Xiamn" {antimagic, rElec rF+
                  | Will-}
 13418 | Lair:2   | Noticed Prince Ribbit
 13450 | Lair:2   | Killed Prince Ribbit
 13616 | Lair:2   | Found a staircase to the Swamp.
 14186 | Lair:3   | Found a dark tunnel.
 14216 | Volcano  | Entered a volcano
 14252 | Volcano  | Reached skill level 13 in Unarmed Combat
 14252 | Volcano  | Reached XP level 14. HP: 12/146 MP: 21/21
 14935 | Lair:3   | Identified the +7 quarterstaff of Iczifi {speed, rN+ Int+4}
 15761 | Lair:4   | Found a staircase to the Snake Pit.
 16532 | Lair:5   | Noticed Urug
 16545 | Lair:5   | Killed Urug
 16972 | Lair:6   | Entered Level 6 of the Lair of Beasts
 17277 | Lair:6   | Reached skill level 14 in Unarmed Combat
 17398 | Lair:6   | HP: 7/149 [dire elephant (6)]
 17533 | Lair:6   | Found a staircase to the Slime Pits.
 17603 | Lair:6   | Reached XP level 15. HP: 138/158 MP: 23/23
 17978 | Lair:6   | HP: 6/158 [komodo dragon (8)]
 17979 | Lair:6   | HP: 2/158 [black mamba (3)]
 17979 | Lair:6   | Slain by a basilisk

Illustrated notes

Levels and vault maps discovered:
D:1:      dpeg_arrival_radiant, layout_basic,
          hellmonk_ecumenical_altar_crossroads, due_unseen_surprise
D:2:      layout_loops_ring, basic_altar, roderic_lattice_a, uniq_terence
D:3:      layout_basic, marbit_many_paths
D:4:      layout_basic, mainiacjoe_overflow_six_doors_small, serial_shops, shop
D:5:      layout_loops_ring, jmf_multi_god_temple, ebering_ghost_sewer_d,
          cheibrodos_sewer_entry_drain, grunt_ministairs_11, dk_noncrumbling_3,
          st_stairs_4, nrook_loot_triangle, kennysheep_flooded_box,
          grunt_decor_fettered
D:6:      layout_loops_cross, nicolae_qazlal_scattered_showers,
          trog_hazing_becter, serial_shops, shop, roderic_nine_men_s_morris,
          grunt_ministairs_11, palyth_stone_intersect, uniq_blork_the_orc,
          uniq_pikel
D:7:      layout_rooms, lemuel_doored_altar, minmay_temple_entry_large_hall,
          uniq_crazy_yiuf_cottage, uniq_joseph
D:8:      layout_loops_cross, skrybe_limestone_x, uniq_maurice
D:9:      layout_roguey [special_room_bee], lemuel_blue_sif_altar,
          nicolae_hepliaklqana_monster_ancestors, uniq_erolcha
D:10:     minmay_flawed_box, layout_rooms, dpeg_lair_monsters, serial_shops,
          shop, minivault_28, uniq_snorg
D:11:     layout_irregular_city, grunt_decor_resistance
D:12:     layout_irregular_city, david_orc_4, minivault_16,
          grunt_dithmenos_smoke_and_mirrors
D:13:     layout_basic, david_vaults_4
D:14:     layout_stronghold, chequers_decorated_corner
Lair:1:   layout_chaotic_city, grunt_megastairs_2, lemuel_fruit_tree,
          serial_bayou_shore_a
Lair:2:   layout_roguey, swamp_mist_pool, serial_bayou_shore_b,
          uniq_prince_ribbit2
Lair:3:   layout_long_grid, enter_volcano_2, grunt_megastairs_1,
          infiniplex_staircase_pool
Lair:4:   layout_gridlike, guppyfry_snake_entry_garden
Lair:5:   layout_regular_city, uniq_urug
Lair:6:   cheibrodos_lair_end_hotspot, layout_concentric_octagons,
          minmay_slime_entry_pillars

Skill      XL: |  1  2  3  4  5  6  7  8  9 10 11 12 13 14 |
---------------+-------------------------------------------+-----
Fighting       | 3 4 5 6 7 8 9 10 11 12 | 12.4
Unarmed Combat | 3 4 5 6 7 8 9 10 11 13 14 | 14.4
Invocations    | 1 2 3 5 6 7 9 10 11 12 | 12.7
Shields        | 2 4 5 7 8 |  8.0
Throwing       | 3 6 7 |  7.0
Dodging        | |  1.5
Stealth        | |  2.7

Action                   |  1- 3 |  4- 6 |  7- 9 | 10-12 | 13-15 || total
-------------------------+-------+-------+-------+-------+-------++-------
Melee: Unarmed           |    43 |   184 |   357 |   723 |   759 ||  2066
       Punch             |       |     4 |     1 |       |       ||     5
 Fire: Hunting sling     |       |     1 |       |       |       ||     1
Throw: Boomerang         |    11 |       |       |       |       ||    11
       Dart              |       |       |     5 |     1 |       ||     6
       Large rock        |       |       |       |     6 |     9 ||    15
Invok: Grow Ballistomyce |       |       |       |     4 |    11 ||    15
       Wall of Briars    |       |       |       |       |     1 ||     1
       Overgrow          |       |       |       |       |     1 ||     1
Evoke: Wand              |     1 |     1 |     3 |     7 |       ||    12
       Tin of tremorston |       |       |       |     1 |       ||     1
  Use: Scroll            |     1 |       |    17 |     7 |     4 ||    29
       Potion            |       |       |       |     2 |     7 ||     9
 Stab: Sleeping          |     4 |     7 |     2 |     2 |     1 ||    16
       Confused          |       |       |       |       |     1 ||     1
Armor: Robe              |     9 |    61 |    99 |    91 |    21 ||   281
       Acid dragon scale |       |       |       |   154 |   320 ||   474
Dodge: Dodged            |    25 |    64 |   106 |   212 |   196 ||   603
Block: Kite shield       |       |       |   110 |   399 |   396 ||   905

Table legend: (Time is in decaauts)
 A = Elapsed time spent in this place.
 B = Non-inter-level travel time spent in this place.
 C = Inter-level travel time spent in this place.
 D = Time resting spent in this place.
 E = Time spent auto-exploring this place.
 F = Levels seen in this place.
 G = Mean time per level.
                   A        B        C        D        E       F      G
               +--------+--------+--------+--------+--------+-----+--------+
         Total |  17918 |  17041 |    877 |    728 |  10834 |  22 |  814.5 |
       Dungeon |  12425 |  11670 |    755 |    382 |   7661 |  14 |  887.5 |
          Lair |   4810 |   4689 |    121 |     81 |   3172 |   6 |  801.7 |
         Sewer |    216 |    216 |      0 |    110 |      0 |   1 |  216.0 |
       Volcano |    466 |    466 |      0 |    155 |      0 |   1 |  466.0 |
               +--------+--------+--------+--------+--------+-----+--------+

Top non-repeatable levels by time:
     D:9: 1521 daAuts
     D:5: 1023 daAuts
  Lair:5: 1012 daAuts
     D:6: 968 daAuts
  Lair:6: 956 daAuts
    D:12: 949 daAuts
    D:13: 940 daAuts
     D:3: 935 daAuts
    D:14: 914 daAuts
     D:8: 866 daAuts
     D:4: 847 daAuts
    D:11: 846 daAuts
  Lair:2: 747 daAuts
  Lair:4: 744 daAuts
    D:10: 728 daAuts
